 Seeded DCSS version 0.29.1-15-g9cfb28693d (webtiles) character file.

Game seed: 15822848163574757677 (custom seed)

226 kingofthe the Conjurer (level 5, -1/28 HPs)
             Began as a Deep Elf Conjurer on Mar 9, 2023.
             Was an Initiate of Sif Muna.
             Slain by Duvessa
             ... wielding a +0 rapier
              (11 damage)
             ... on level 4 of the Dungeon.
             The game lasted 00:09:00 (3346 turns).

kingofthe the Conjurer (Deep Elf Conjurer)          Turns: 3346, Time: 00:09:00

Health: -1/28      AC:  3    Str:  4    XL:     5   Next: 69%
Magic:  4/14       EV: 13    Int: 23    God:    Sif Muna [......]
Gold:   213        SH:  0    Dex: 15    Spells: 6/14 levels left

rFire   . . .      SeeInvis .   (no weapon)
rCold   . . .      Faith    .   (no shield)
rNeg    . . .      Spirit   .   a - +0 robe
rPois   .          Reflect  .   (no helmet)
rElec   .          Harm     .   (no cloak)
rCorr   .          Rampage  .   h - +0 pair of gloves
Will    .....                   (no boots)
Stlth   ++........              (no amulet)
HPRegen 0.09/turn               (no ring)
MPRegen 0.14/turn               (no ring)

@: no status effects
A: no striking features
a: Renounce Religion


You were on level 4 of the Dungeon.
You worshipped Sif Muna.
Sif Muna was noncommittal.
You visited 1 branch of the dungeon, and saw 4 of its levels.

You collected 213 gold pieces.


   Skills:
 - Level 3.5 Dodging
 - Level 3.0 Stealth
 + Level 5.2 Spellcasting
 + Level 5.5 Conjurations
 * Level 2.9 Hexes


You had 6 spell levels left.
You knew the following spells:

 Your Spells              Type           Power      Damage    Failure   Level
a - Magic Dart            Conj           100%       1d8       1%          1
b - Searing Ray           Conj           62%        2d6       1%          2
c - Foxfire               Conj/Fire      72%        2x1d7     3%          1
d - Fulminant Prism       Conj/Hex       12%        3d9       16%         4

Your spell library contained the following spells:

 Spells                   Type           Power      Damage    Failure   Level
 Dazzling Flash           Conj/Hex       50%        N/A       4%          3
 Conjure Flame            Conj/Fire      18%        6-21      9%          3
 Mephitic Cloud           Conj/Pois/Air  14%        N/A       13%         3
 Inner Flame              Hex/Fire       12%        N/A       16%         3
 Portal Projectile        Hex/Tloc       24%        N/A       16%         3
 Call Canine Familiar     Summ           5%         N/A       28%         3
 Ignite Poison            Fire/Tmut/Pois 5%         N/A       28%         3
 Flame Wave               Conj/Fire      18%        2d7       28%         4
 Iskenderun's Mystic Bla  Conj/Tloc      18%        2d6       28%         4
 Leda's Liquefaction      Hex/Erth       6%         N/A       45%         4
 Freezing Cloud           Conj/Ice/Air   7%         6-21      77%         5

Inventory:

Missiles
 m - a throwing net {=f}
Armour
 a - a +0 robe (worn)
 h - a +0 pair of gloves (worn)
 i - the +1 ring mail "Vuekuas" {Will+ Str+3}
   (You found it on level 2 of the Dungeon)

   Str:       It affects your strength (+3).
   Will:      It increases your willpower.
 p - the +3 scale mail of the Viny Hot Ocelot {rElec rPois Stlth+}
   (You found it on level 3 of the Dungeon)

   rElec:     It insulates you from electricity.
   rPois:     It protects you from poison.
   Stlth:     It makes you more stealthy.
Wands
 k - a wand of quicksilver (3)
Scrolls
 c - 5 scrolls of identify {unknown}
 f - 2 scrolls of vulnerability {unknown}
 g - a scroll of brand weapon {unknown}
 j - 2 scrolls of teleportation {unknown}
 o - a scroll of noise {unknown}
Potions
 b - a potion of magic
 d - 3 potions of haste {unknown}
 e - a potion of experience {unknown}
 l - a potion of curing {unknown}
 n - 2 potions of mutation {unknown}
 q - a potion of degeneration {unknown}
 r - a potion of flight {unknown}

Dungeon Overview and Level Annotations

Branches:
Dungeon (4/15)
 Temple: D:4-7

Altars:
Sif Muna
Trog
Zin

Annotations:
D:4 Dowan, Duvessa

#.....##################†........
####.## #...................
#.#########..)......e.####....
##......##............## ...
#....<................# .
#....#######..........# ###.
#.....### #..........# ..=..
#.....<.####.v........##......
#....##......v@e...).....[....
#....#######.§................
###### #...........#.....[
###....###(..###### #.##.# ###..#
...##.. #..# ######... ...# #....
.#... #... ##.


You could see Duvessa (fast, ally target) and Dowan.


Message History

Confirm with . or Enter, or press ? or * to list all spells.
Aiming: Magic Dart (safe; 1% risk of failure)
Press: ? - help, Shift-Dir - straight line, f - Duvessa
Aim: Duvessa, wielding a +0 rapier and wearing a +0 leather armour (heavily wounded, fast, ally target, 100% to hit)
Okay, then.
Casting: Magic Dart (safe; 1% risk of failure)
Confirm with . or Enter, or press ? or * to list all spells.
Aiming: Searing Ray (safe; 1% risk of failure)
Press: ? - help, Shift-Dir - straight line, f - Duvessa
Aim: Duvessa, wielding a +0 rapier and wearing a +0 leather armour (heavily wounded, fast, ally target, 82% to hit)
The searing ray hits Duvessa.
Duvessa is heavily wounded. (Press . to maintain the ray.)
The foxfire hits Duvessa.
Duvessa is heavily wounded.
The foxfire hits Duvessa.
Duvessa is heavily wounded.
Duvessa barely misses you.
Casting: Searing Ray (safe; 1% risk of failure)
Confirm with . or Enter, or press ? or * to list all spells.
The spell is extremely dangerous to miscast (16% risk of failure)!
Continue anyway? [Y]es or [N]o only, please.
The spell is extremely dangerous to miscast (16% risk of failure)!
Continue anyway? [Y]es or [N]o only, please.
The spell is extremely dangerous to miscast (16% risk of failure)!
Continue anyway?
Okay, then.
Casting: Fulminant Prism (extremely dangerous; 16% risk of failure)
Confirm with . or Enter, or press ? or * to list all spells.
You conjure some foxfire!
Duvessa hits you with a +0 rapier!
You die...

Skill      XL: |  1  2  3  4  5 |
---------------+----------------+-----
Dodging        | 3 |  3.5
Stealth        | 3 |  3.0
Spellcasting   | 4 5 |  5.2
Conjurations   | 5 |  5.5
Hexes          | 1 2 |  2.9

Action                   |  1- 3 |  4- 6 || total
-------------------------+-------+-------++-------
Melee: Unarmed           |     2 |       ||     2
 Cast: Magic Dart        |    80 |    12 ||    92
       Foxfire           |    13 |    28 ||    41
       Searing Ray       |     3 |     4 ||     7
Dodge: Dodged            |     4 |     1 ||     5

Levels and vault maps discovered:
D:1:      heliophobic_arrival_enchanted_forest, layout_loops_ring,
          minmay_misc_feat_enclosed, minmay_tromino_v4_a
D:2:      kennysheep_big_flooded_room, layout_rooms, kennysheep_generic_room_13
D:3:      layout_loops_corners, zin_statuary, mainiacjoe_overflow_boulevard,
          mainiacjoe_overflow_six_doors_small, guppyfry_early_lair_pool,
          uniq_jessica
D:4:      layout_rooms, uniq_duvessa

Notes
Turn   | Place    | Note
-------+----------+-------------------------------------------
     0 | D:1      | kingofthe the Deep Elf Conjurer began the quest for the
                  | Orb.
     0 | D:1      | Reached XP level 1. HP: 10/10 MP: 6/6
   308 | D:1      | Reached XP level 2. HP: 15/15 MP: 2/8
   311 | D:1      | Learned a level 2 spell: Searing Ray
   626 | D:1      | Reached skill level 3 in Dodging
   751 | D:1      | Reached XP level 3. HP: 19/19 MP: 0/10
  1304 | D:2      | Reached skill level 3 in Stealth
  1505 | D:2      | Reached skill level 4 in Spellcasting
  1598 | D:2      | Identified the +1 ring mail "Vuekuas" {Will+ Str+3}
  1829 | D:2      | Learned a level 1 spell: Foxfire
  1951 | D:3      | Noticed Jessica
  1979 | D:3      | Killed Jessica
  1980 | D:3      | Reached skill level 5 in Conjurations
  1980 | D:3      | Reached XP level 4. HP: 24/24 MP: 3/12
  2275 | D:3      | Found a bloodstained altar of Trog.
  2354 | D:3      | Identified the +3 scale mail of the Viny Hot Ocelot {rElec
                  | rPois Stlth+}
  2631 | D:3      | Found a shimmering blue altar of Sif Muna.
  2637 | D:3      | Learned a level 4 spell: Fulminant Prism
  2658 | D:3      | Became a worshipper of Sif Muna the Loreminder
  2716 | D:3      | Found a glowing silver altar of Zin.
  3187 | D:4      | Reached skill level 1 in Hexes
  3187 | D:4      | Reached XP level 5. HP: 28/28 MP: 3/14
  3270 | D:4      | Noticed Dowan
  3286 | D:4      | Noticed an ogre
  3295 | D:4      | Killed an ogre
  3296 | D:4      | Reached skill level 5 in Spellcasting
  3296 | D:4      | Reached skill level 2 in Hexes
  3333 | D:4      | Noticed Duvessa
  3346 | D:4      | Slain by Duvessa

Vanquished Creatures
  An ogre (D:4)
  Jessica (D:3)
  An iguana (D:4)
  An adder (D:2)
  2 worms (D:2)
  3 dart slugs
  4 orcs (D:3)
  8 endoplasms
  A giant cockroach (D:1)
  7 goblins
  3 hobgoblins
  4 jackals (D:3)
  3 quokkas
  8 ball pythons
  3 bats
  4 frilled lizards (D:1)
  8 kobolds
  2 rats
64 creatures vanquished.

Vanquished Creatures (others)
  69 foxfires
69 creatures vanquished.

Grand Total: 133 creatures vanquished

Table legend: (Time is in decaauts)
 A = Elapsed time spent in this place.
 B = Non-inter-level travel time spent in this place.
 C = Inter-level travel time spent in this place.
 D = Time resting spent in this place.
 E = Time spent auto-exploring this place.
 F = Levels seen in this place.
 G = Mean time per level.
                   A        B        C        D        E       F      G
               +--------+--------+--------+--------+--------+-----+--------+
         Total |   3345 |   3240 |    105 |     67 |   2792 |   4 |  836.2 |
       Dungeon |   3345 |   3240 |    105 |     67 |   2792 |   4 |  836.2 |
               +--------+--------+--------+--------+--------+-----+--------+

Top non-repeatable levels by time:
     D:1: 1215 daAuts
     D:3: 1192 daAuts
     D:2: 719 daAuts
     D:4: 218 daAuts

Table legend:
 A = Non-vault XP
 B = Vault XP
 C = Vault XP percentage of total XP
 D = Non-vault monster count
 E = Vault monster count
 F = Vault count percentage of total count
                 A         B        C        D         E       F
            +---------+---------+-------+---------+---------+-------
      Total |     273 |      50 |  15.5 |      56 |       8 |  12.5
            +---------+---------+-------+---------+---------+-------
        D:1 |      46 |       6 |  11.5 |      27 |       4 |  12.9
        D:2 |      34 |       7 |  17.1 |      10 |       3 |  23.1
        D:3 |      36 |      37 |  50.7 |      15 |       1 |   6.2
        D:4 |     157 |       0 |   0.0 |       4 |       0 |   0.0
            +---------+---------+-------+---------+---------+-------
